 Dungeon Crawl Stone Soup version 0.16-a0-3325-g64f94fb (webtiles) character file.

6818 Minkie the Destroyer (level 10, -10/63 HPs)
             Began as a Mummy Wizard on Dec 27, 2014.
             Was a Believer of Sif Muna.
             Mangled by a cyan ugly thing (12 damage)
             ... on level 9 of the Dungeon.
             The game lasted 01:30:09 (15010 turns).

Minkie the Destroyer (Mummy Wizard)                Turns: 15010, Time: 01:30:09

Health: -10/63     AC:  7    Str: 10    XL:     10   Next: 77%
Magic:  7/18       EV: 12    Int: 20    God:    Sif Muna [**....]
Gold:   529        SH:  0    Dex: 11    Spells: 5 memorised, 1 level left

rFire  x . .     SeeInvis .     E - +0 glaive (curse)
rCold  + . .     Clarity  .     p - +2 robe {rN+}
rNeg   + + +     SustAb   .     (no shield)
rPois  ∞         Gourm    .     b - +0 hat
rElec  .         Spirit   .     u - +0 cloak
rCorr  .         Warding  .     r - +0 pair of gloves
rMut   .         Stasis   .     z - +0 pair of boots
MR     +....                    (no amulet)
Stlth  ++........               (no ring)
                                h - +1 ring of dexterity

@: swift (expiring), quick, somewhat resistant to hostile enchantments,
unstealthy
A: no food or potions, fire vulnerability, restore body, cold resistance 1,
negative energy resistance 3, poison resistance, torment resistance, unbreathing
a: Channel Energy, Forget Spell, Renounce Religion


You were on level 9 of the Dungeon.
You worshipped Sif Muna.
Sif Muna was pleased with you.
You were not hungry.

You visited 3 branches of the dungeon, and saw 11 of its levels.
You also visited: Sewer.

You collected 529 gold pieces.

Inventory:

Hand weapons
 E - a cursed +0 glaive (weapon)
Missiles
 j - 6 tomahawks of returning (quivered)
Armour
 b - a +0 hat (worn)
 f - a +0 buckler
 p - a +2 robe of positive energy (worn)
 r - a +0 pair of gloves (worn)
 u - a +0 cloak (worn)
 z - a +0 pair of boots (worn)
Jewellery
 h - a +1 ring of dexterity (left hand)
Magical devices
 c - a wand of disintegration (14)
 s - a wand of disintegration (11)
 K - a wand of invisibility (3)
Scrolls
 a - a scroll of enchant weapon {unknown}
 d - 2 scrolls of fog
 e - 6 scrolls of remove curse
 l - 2 scrolls of enchant armour
 m - 2 scrolls of amnesia
 o - 6 scrolls of teleportation
 q - a scroll of identify
 t - a scroll of recharging {unknown}
 w - 2 scrolls of blinking {unknown}
 B - 2 scrolls of magic mapping {unknown}
 C - 2 scrolls of fear {unknown}
 D - a scroll of summoning {unknown}
 I - a scroll of holy word {unknown}


   Skills:
 + Level 8.6 Polearms
 - Level 1.5 Dodging
 - Level 1.5 Stealth
 - Level 3.0 Spellcasting
 + Level 8.9 Conjurations
 - Level 2.0 Charms
   Level 0.7 Summonings
   Level 0.7 Translocations
 - Level 4.0 Fire Magic
 - Level 3.0 Air Magic
 - Level 2.0 Poison Magic


You had one spell level left.
You knew the following spells:

 Your Spells              Type           Power        Failure   Level  Hunger
a - Magic Dart            Conj           ####         1%          1    N/A
b - Conjure Flame         Conj/Fire      ####....     3%          3    N/A
c - Mephitic Cloud        Conj/Pois/Air  ###.....     10%         3    N/A
d - Swiftness             Chrm/Air       ##......     10%         2    N/A
e - Fireball              Conj/Fire      ####......   30%         5    N/A

Dungeon Overview and Level Annotations

Branches:
Dungeon (9/15)             Temple (1/1) D:6            Lair (1/8) D:8
    Orc: D:9-12

Altars:
Ashenzari
Cheibriados
Dithmenos
Elyvilon
Fedhas
Gozag
Kikubaaqudgha
Makhleb
Nemelex Xobeh
Okawaru
Qazlal
Ru
Sif Muna
Vehumet
Xom
Yredelemnul
Zin
The Shining One

Annotations:
D:3 runed door


Innate Abilities, Weirdness & Mutations

You do not eat or drink.
Your flesh is vulnerable to fire.
Your flesh is cold resistant.
You are immune to negative energy.
Your system is resistant to poisons.
You are immune to unholy pain and torment.
You can survive without breathing.


Message History

The centaur wields a shortbow.
The centaur shoots an arrow.
The arrow hits you!
The cyan ugly thing is engulfed in roaring flames.
The cyan ugly thing pecks you. The cyan ugly thing shocks you!
* * * LOW HITPOINT WARNING * * *
Casting: Mephitic Cloud
Confirm with . or Enter, or press ? or * to list all spells.
Aiming: Mephitic Cloud
Press: ? - help, Shift-Dir - straight line, f - cyan ugly thing, p - centaur
Aim: a cyan ugly thing (flame, moderately wounded)
The ball explodes into a vile cloud!
The stinking cloud engulfs the cyan ugly thing.
The cyan ugly thing is moderately wounded.
The stinking cloud engulfs you!
The centaur is engulfed in noxious fumes.
The centaur appears confused.
The cyan ugly thing is engulfed in roaring flames.
The cyan ugly thing pecks you.
* * * LOW HITPOINT WARNING * * *
The cyan ugly thing shocks you!
You die...

......# #. .# .....# .#####.#
#...# .......#
#...######......#
#....§...#......#
#...c....'(.....###
#..§######.).......
#...#..............
#########§@.#...........#.
#######.......##u##.u.........#
...............§§§.K..........#
........#####........#.........
.....†.............†..........
.............................
############################


You could see a cyan ugly thing and a centaur (confused).

Vanquished Creatures
  The ghost of Fiveotanaka the Destroyer, an experienced DrAE (D:9)
  A troll (D:9)
  Grinder (D:4)
  The ghost of monkeypoo the Magician, an average DrCj of Vehumet (D:4)
  2 wyverns
  5 yaks (D:8)
  Eustachio (D:8)
  3 vampire mosquitoes (D:8)
  2 soldier ants (D:8)
  Edmund (D:5)
  2 orc warriors
  A black bear (D:7)
  An ice beast (D:8)
  A sky beast (D:8)
  5 ogres
  6 centaurs
  The ghost of binmo the Sneak, an average HuWn (D:3)
  A big kobold (D:9)
  Sigmund (D:6)
  Duvessa (D:5)
  A brain worm (D:8)
  3 giant frogs
  3 scorpions
  3 giant frog zombies
  Dowan (D:5)
  A goliath beetle (D:8)
  A crimson imp (D:8)
  8 hounds
  2 orc priests (D:7)
  2 centaur skeletons
  A jelly (D:6)
  3 giant frog skeletons
  7 orc wizards
  5 iguanas
  7 worker ants
  A killer bee zombie (D:7)
  2 hound zombies
  A mummy (D:8)
  A worker ant zombie (D:8)
  7 gnolls
  8 river rats
  14 adders
  2 shadow imps
  2 giant mites
  A worm (D:2)
  An adder skeleton (D:8)
  6 giant geckos
  An ooze (D:3)
  20 orcs
  18 bats
  2 bat skeletons
  7 giant cockroaches
  11 goblins
  17 hobgoblins
  8 jackals
  16 kobolds
  3 quokkas
  10 ball pythons
  A giant gecko skeleton (D:4)
  A giant gecko zombie (D:8)
  13 giant newts
  A kobold skeleton (D:3)
  2 quokka skeletons (D:5)
  A quokka zombie (D:6)
  28 rats
  9 fungi (D:8)
  2 plants (D:8)
303 creatures vanquished.

Vanquished Creatures (others)
  A crocodile (D:8)
  3 fungi (D:8)
4 creatures vanquished.

Grand Total: 307 creatures vanquished

Notes
Turn   | Place    | Note
--------------------------------------------------------------
     0 | D:1      | Minkie, the Mummy Wizard, began the quest for the Orb.
     0 | D:1      | Reached XP level 1. HP: 13/13 MP: 4/4
    43 | D:1      | Reached skill level 1 in Conjurations
   171 | D:1      | Reached XP level 2. HP: 8/19 MP: 6/6
  1112 | D:1      | Reached XP level 3. HP: 24/24 MP: 7/7
  1323 | D:1      | Found a glowing golden altar of the Shining One.
  1559 | D:1      | Learned a level 3 spell: Conjure Flame
  1563 | D:1      | Learned a level 3 spell: Mephitic Cloud
  2373 | D:2      | Found a sacrificial altar of Ru.
  2426 | D:2      | Reached skill level 1 in Fire Magic
  2465 | D:2      | Reached XP level 4. HP: 23/30 MP: 0/9
  2681 | D:2      | Reached skill level 1 in Air Magic
  3224 | D:3      | Found a runed door.
  3224 | D:3      | Found a basalt altar of Yredelemnul.
  3224 | D:3      | Noticed a human
  3405 | D:3      | Noticed binmo's ghost (average HuWn)
  4359 | D:3      | Reached XP level 5. HP: 35/35 MP: 8/11
  4680 | D:3      | Killed binmo's ghost
  4798 | D:4      | Noticed monkeypoo's ghost (average DrCj)
  4810 | D:4      | Killed monkeypoo's ghost
  4810 | D:4      | Reached skill level 4 in Conjurations
  4810 | D:4      | Reached XP level 6. HP: 29/41 MP: 8/12
  5258 | D:4      | Reached XP level 7. HP: 43/46 MP: 5/14
  6003 | D:5      | Entered Level 5 of the Dungeon
  6015 | D:5      | Found a radiant altar of Vehumet.
  6026 | D:5      | Noticed Grinder
  6119 | D:5      | Found an opulent altar of Gozag.
  6119 | D:5      | Noticed Duvessa
  6119 | D:5      | Noticed Dowan
  6638 | D:5      | Killed Duvessa
  6639 | D:5      | Killed Dowan
  6761 | D:5      | Found a blossoming altar of Fedhas.
  6811 | D:5      | Reached skill level 5 in Conjurations
  6972 | D:4      | Killed Grinder
  6972 | D:4      | Reached XP level 8. HP: 39/52 MP: 1/16
  7331 | D:5      | Noticed Edmund
  7365 | D:5      | Killed Edmund
  7564 | D:5      | Learned a level 2 spell: Swiftness
  8117 | D:6      | Found a glowing drain.
  8187 | Sewer    | Entered a sewer
  8876 | D:6      | Noticed Sigmund
  8903 | D:6      | Reached skill level 1 in Charms
  9015 | D:6      | Reached skill level 1 in Poison Magic
  9039 | D:6      | Killed Sigmund
  9158 | D:6      | Found a snail-covered altar of Cheibriados.
  9173 | D:6      | Found a shadowy altar of Dithmenos.
  9909 | D:6      | Found a staircase to the Ecumenical Temple.
  9918 | Temple   | Entered the Ecumenical Temple
  9922 | Temple   | Became a worshipper of Sif Muna the Loreminder
 10604 | D:7      | Reached XP level 9. HP: 57/57 MP: 11/17
 10667 | D:7      | Reached skill level 5 in Polearms
 10940 | D:7      | Reached skill level 6 in Conjurations
 11397 | D:7      | Found a stormy altar of Qazlal.
 11483 | D:8      | Noticed Eustachio
 11519 | D:8      | Killed Eustachio
 11519 | D:8      | Acquired Sif Muna's first power
 11684 | D:8      | Reached skill level 7 in Conjurations
 11695 | D:8      | Learned a level 5 spell: Fireball
 12100 | D:8      | Found a staircase to the Lair.
 12126 | D:8      | Reached XP level 10. HP: 63/63 MP: 10/18
 12364 | D:8      | Found a shimmering altar of Xom.
 12377 | D:8      | Acquired Sif Muna's second power
 12816 | D:8      | Found an opulent altar of Gozag.
 13073 | Lair:1   | Entered Level 1 of the Lair of Beasts
 13102 | D:8      | HP: 2/63 [yak (6)]
 13434 | D:8      | Reached skill level 8 in Conjurations
 14003 | D:9      | Noticed Fiveotanaka's ghost (experienced DrAE)
 14014 | D:9      | Killed Fiveotanaka's ghost
 14995 | D:9      | Noticed a cyan ugly thing
 15010 | D:9      | HP: 2/63 [cyan ugly thing (3)]
 15010 | D:9      | Mangled by a cyan ugly thing

Action                   |  1- 3 |  4- 6 |  7- 9 | 10-12 || total
-------------------------+-------+-------+-------+-------++-------
Melee: Hand axe          |    30 |       |       |       ||    30
       Unarmed           |     3 |       |       |       ||     3
       Spear             |    44 |    87 |   273 |       ||   404
       Glaive            |       |       |   182 |   283 ||   465
Throw: Stone             |     1 |       |       |       ||     1
 Cast: Magic Dart        |    73 |    96 |   224 |    39 ||   432
       Conjure Flame     |       |    13 |    25 |    15 ||    53
       Mephitic Cloud    |       |     1 |    58 |    42 ||   101
       Swiftness         |       |       |     1 |     2 ||     3
Invok: Channel Energy    |       |       |    13 |    40 ||    53
  Use: Scroll            |       |       |     7 |       ||     7
 Stab: Sleeping          |     3 |     3 |     3 |       ||     9
       Confused          |       |     3 |    37 |    14 ||    54
